Map: Para Site LE

Players

Ragnarokette - Winner!

  • Race: Zerg Zerg
  • League: Diamond
  • Spawn Location: 11:00

REDFURY

  • Race: Terran Terran
  • League: Diamond
  • Spawn Location: 5:00

VOD

Have the link to the VOD?

Description

Time

  • Played on: Sept. 3, 2018, 11:56 p.m.
  • Length: 15:26
Show
View Real Time Build Order
Export as new Build Order

Ragnarokette Zerg - Winner!

Build Orders: Hatch First 

Get SALT Encoding   

  12  0:01  Drone  
  13  0:13  Overlord  
  13  0:17  Drone  
  14  0:31  Drone x2  
  14  0:34  Drone  
  17  0:53  Hatchery  
  17  0:55  Drone  
  17  0:59  Drone  
  18  1:09  Extractor  
  17  1:14  Spawning Pool  
  17  1:17  Drone  
  17  1:20  Drone  
  18  1:28  Drone  
  19  1:40  Overlord  
  19  2:03  Zergling x4  
  19  2:06  Zergling x2, Queen x2  
  26  2:11  Metabolic Boost  
  26  2:13  Drone  
  27  2:29  Drone x3  
  29  2:38  Spore Crawler  
  29  2:48  Drone x3  
  29  2:49  Drone  
  33  2:59  Hatchery  
  33  3:04  Drone x2  
  34  3:07  Overlord  
  34  3:12  Queen  
  36  3:21  Overlord  
  36  3:37  Drone x2  
  36  3:38  Drone x4  
  36  3:39  Overlord  
  41  3:51  Queen  
  41  3:54  Drone x4  
  41  3:55  Drone x2  
  49  3:57  Overlord  
  49  4:07  Overlord  
  49  4:08  Zergling x2  
  49  4:09  Roach Warren  
  49  4:12  Overlord  
  49  4:16  Queen  
  51  4:21  Extractor  
  51  4:22  Extractor  
  49  4:24  Lair  
  49  4:30  Queen  
  51  4:37  Drone x2  
  51  4:38  Overlord, Drone x2  
  55  4:48  Roach  
  55  4:49  Roach  
  55  4:51  Overlord  
  59  4:53  Roach  
  59  4:56  Zergling x6  
  64  5:10  Roach  
  64  5:11  Roach x3  
  64  5:13  Roach  
  67  5:21  Roach  
  59  5:27  Roach  
  50  5:32  Roach  
  50  5:33  Overlord x2  
  50  5:34  Zergling x8  
  45  5:43  Roach  
  45  5:47  Drone  
  45  5:49  Queen  
  50  5:54  Drone x5  
  50  5:55  Drone  
  56  6:03  Drone x4  
  60  6:15  Drone x3  
  60  6:17  Overlord  
  63  6:20  Roach  
  63  6:21  Roach  
  67  6:26  Glial Reconstitution  
  67  6:28  Overlord  
  67  6:49  Hydralisk Den, Drone x11  
  77  6:56  Evolution Chamber x2  
  75  7:03  Overlord, Drone  
  75  7:04  Drone x3  
  76  7:12  Roach x3  
  76  7:14  Roach  
  84  7:23  Grooved Spines, Hydralisk  
  84  7:24  Roach  
  84  7:25  Overlord  
  84  7:27  Drone x2  
  90  7:31  Extractor x2  
  88  7:41  Pneumatized Carapace  
  88  7:43  Drone x8  
  96  7:47  Roach x3  
  102  7:53  Overlord x2  
  102  7:54  Overlord  
  102  7:57  Extractor  
  101  8:01  Roach x2  
  101  8:02  Roach  
  107  8:08  Queen  
  107  8:11  Roach x2  
  107  8:12  Roach  
  115  8:18  Queen  
  117  8:21  Overseer  
  117  8:22  Overseer  
  117  8:30  Zerg Missile Weapons Level 1  
  117  8:32  Zerg Ground Armor Level 1  
  117  8:33  Roach x2  
  117  8:34  Overlord, Roach x2  
  123  8:50  Roach x9  
  118  8:56  Roach x3  
  100  9:10  Roach x6  
  110  9:17  Hydralisk x4  
  118  9:27  Queen  
  120  9:31  Hydralisk x3  
  120  9:32  Hydralisk  
  128  9:47  Hydralisk x3  
  128  9:48  Hatchery  
  133  10:06  Hydralisk  
  131  10:07  Hydralisk x7  
  127  10:17  Roach  
  127  10:18  Roach x5  
  137  10:42  Drone x2  
  137  10:43  Roach x8  
  149  10:50  Hydralisk  
  149  10:52  Zerg Missile Weapons Level 2  
  149  10:54  Zerg Ground Armor Level 2  
  151  10:58  Infestation Pit  
  151  11:03  Overseer  
  150  11:17  Roach x5  
  160  11:20  Overlord x4  
  159  11:25  Queen  
  156  11:39  Hydralisk x6  
  162  11:50  Drone x2  
  162  11:51  Drone x5  
  169  11:55  Hydralisk  
  169  11:56  Hydralisk  
  173  12:03  Hive  
  173  12:10  Spire  
  172  12:27  Hydralisk  
  172  12:28  Hydralisk x7  
  186  12:58  Muscular Augments  
  160  13:10  Hydralisk  
  160  13:11  Overseer, Hydralisk x14  
  138  13:26  Hydralisk  
  138  13:27  Roach x6  
  138  13:28  Roach x3  
  154  13:40  Overlord x3  
  154  13:47  Greater Spire  
  154  13:54  Roach x9  
  172  14:12  Roach x6  
  172  14:13  Roach x4  
  192  14:18  Overseer  
  192  14:19  Overseer  
  168  14:40  Hydralisk  
  168  14:41  Roach x11, Corruptor  
Show
View Real Time Build Order
Export as new Build Order

REDFURY Terran 

Build Orders: Reaper Expand, Mech 

Get SALT Encoding   

  12  0:01  SCV  
  13  0:13  SCV  
  14  0:17  Supply Depot  
  14  0:25  SCV  
  15  0:38  SCV  
  15  0:40  Barracks  
  16  0:44  Refinery  
  16  0:51  SCV  
  17  1:03  SCV  
  18  1:15  SCV  
  19  1:27  Orbital Command, Reaper  
  20  1:44  Command Center  
  20  1:52  Refinery  
  20  1:53  SCV  
  21  1:58  Marine  
  22  2:05  SCV  
  23  2:12  Supply Depot  
  23  2:16  Factory  
  23  2:20  Barracks Reactor  
  22  2:48  SCV  
  23  2:56  Orbital Command  
  23  3:03  SCV  
  24  3:09  Hellion x2  
  24  3:11  Marine  
  29  3:16  Armory  
  29  3:20  SCV  
  29  3:26  SCV  
  31  3:29  Marine  
  31  3:30  Hellion x2  
  36  3:50  Marine  
  36  3:52  Cyclone x2  
  36  3:54  SCV  
  44  3:56  Refinery  
  44  3:57  SCV  
  45  4:07  Marine  
  46  4:24  Refinery  
  46  4:29  Supply Depot  
  46  4:30  Supply Depot  
  46  4:31  Supply Depot  
  46  4:45  Starport  
  46  4:46  Barracks Tech Lab  
  46  4:47  Factory  
  46  4:50  Supply Depot, SCV x2  
  46  4:51  Hellbat x2  
  52  4:53  Supply Depot  
  52  5:02  SCV  
  37  5:49  Cyclone x2  
  43  5:50  Factory Tech Lab  
  43  5:51  Starport Reactor  
  43  5:54  Supply Depot  
  43  5:55  SCV  
  44  5:59  Terran Vehicle Weapons Level 1  
  44  6:01  SCV  
  44  6:03  Factory  
  45  6:12  Thor  
  45  6:13  SCV  
  45  6:15  Marauder  
  45  6:16  Stimpack  
  54  6:28  Medivac  
  54  6:29  Medivac  
  54  6:31  Hellbat x2  
  54  6:32  SCV  
  63  6:34  SCV  
  66  6:47  Marauder  
  66  6:54  Thor  
  66  6:58  Factory Tech Lab  
  72  7:03  Engineering Bay  
  72  7:06  Supply Depot  
  72  7:17  Thor, Command Center  
  80  7:23  Marauder, SCV  
  80  7:28  Supply Depot  
  83  7:32  Viking  
  83  7:33  Viking  
  85  7:39  SCV  
  85  7:43  Siege Tank  
  89  7:50  Marauder  
  91  7:53  Terran Infantry Weapons Level 1, Barracks  
  91  7:58  SCV  
  92  8:15  Cyclone x2  
  92  8:16  Medivac  
  100  8:20  SCV  
  78  9:32  SCV  
  78  9:36  Liberator x2  
  79  9:40  Siege Tank  
  79  9:42  Thor  
  79  9:43  Refinery, Cyclone x2  
  79  9:44  Missile Turret  
  94  9:45  Refinery  
  94  9:46  Missile Turret  
  94  9:49  SCV  
  94  9:51  Barracks Tech Lab  
  95  9:56  Barracks  
  95  9:59  Barracks  
  86  10:14  Planetary Fortress  
  86  10:20  SCV  
  87  10:23  SCV  
  88  10:31  Marauder x2  
  88  10:32  Concussive Shells  
  88  10:33  SCV  
  88  10:35  SCV, Hellbat x2  
  97  10:37  Thor  
  104  10:47  SCV  
  105  10:52  Starport  
  105  10:54  SCV  
  106  10:59  SCV  
  107  11:07  SCV  
  108  11:12  Barracks Tech Lab  
  108  11:17  Terran Infantry Armor Level 1  
  108  11:19  Barracks Tech Lab, SCV  
  109  11:27  Supply Depot  
  109  11:30  Supply Depot  
  109  11:31  SCV  
  110  11:38  Marauder x2  
  110  11:39  Marauder x2  
  118  11:43  SCV  
  116  11:47  Siege Tank x2  
  119  11:55  SCV  
  119  11:59  Engineering Bay  
  119  12:00  Marauder x2  
  119  12:01  Barracks, Marauder x2  
  128  12:02  Barracks  
  128  12:04  Medivac x2  
  128  12:05  Starport Reactor  
  128  12:07  Supply Depot, SCV  
  133  12:14  SCV  
  134  12:19  SCV  
  134  12:21  Marauder  
  134  12:22  Marauder  
  139  12:27  Marauder  
  139  12:29  Siege Tank x2  
  147  12:31  SCV  
  147  12:34  Supply Depot  
  148  12:37  Terran Infantry Weapons Level 2  
  148  12:43  SCV  
  149  12:56  SCV  
  117  13:30  Marine x2  
  117  13:31  Marauder x3  
  125  13:39  SCV  
  126  13:45  Barracks Tech Lab  
  126  13:48  Marine  
  126  13:49  Marauder  
  126  13:50  Cyclone  
  132  13:56  SCV  
  132  13:58  Combat Shields  
  133  14:06  Marine, Marauder x2  
  133  14:07  Marauder  
  131  14:10  Marauder  
  133  14:25  Marine  
  133  14:27  Marine, Cyclone  
  133  14:28  Siege Tank x2  
  133  14:29  Marine  
  133  14:30  Marauder  
  121  14:31  Marauder  
  89  14:40  Marauder  
  89  14:43  Marine  
  94  14:45  Marauder  
  94  14:47  Marauder  
  94  14:50  Marine  
  94  14:52  Marine  
  78  15:01  Marine  
  78  15:02  Marauder  
Tags
 
Add a new tag
Caveats
  • Supply blocks, unpowered buildings, or Contaminate may cause inaccurate times.
  • Supply counts are checked every 10 seconds.